 Dungeon Crawl Stone Soup version 0.29.0-13-gc9e81de378 (webtiles) character file.

Game seed: 4585679591865047033

768 Anothat the Slasher (level 7, -6/59 HPs)
             Began as a Demigod Gladiator on Sept 8, 2022.
             Mangled by an orc priest
             ... wielding a +0 flail
              (10 damage)
             ... on level 5 of the Dungeon.
             The game lasted 00:05:24 (5489 turns).

Anothat the Slasher (Demigod Gladiator)             Turns: 5489, Time: 00:05:24

Health: -6/59      AC:  5    Str: 15    XL:     7   Next: 27%
Magic:  9/9        EV: 15    Int: 10    God:
Gold:   213        SH:  0    Dex: 23    Spells: 6/6 levels left

rFire   . . .      SeeInvis .   f - +2 double sword (elec)
rCold   . . .      Faith    .   (no shield)
rNeg    . . .      Spirit   .   b - +0 leather armour
rPois   .          Reflect  .   c - +1 helmet
rElec   .          Harm     .   (no cloak)
rCorr   .          Rampage  .   (no gloves)
Will    .....                   (no boots)
Stlth   ++........              (no amulet)
HPRegen 0.19/turn               (no ring)
MPRegen 0.11/turn               (no ring)

@: brilliant
A: high MP 1, forlorn, divine attributes
a: no special abilities


You were on level 5 of the Dungeon.
You visited 1 branch of the dungeon, and saw 5 of its levels.

You collected 213 gold pieces.

Inventory:

Hand Weapons
 a - a +0 long sword
 f - a +2 double sword of electrocution (weapon)
Missiles
 d - 3 throwing nets (quivered)
 e - a javelin
Armour
 b - a +0 leather armour (worn)
 c - a +1 helmet (worn)
 k - a +0 ring mail
Jewellery
 j - a +6 ring of strength
 l - a ring of fire
 m - a ring of wizardry
 n - a ring of positive energy
Wands
 p - a wand of digging (7)
 t - a wand of polymorph (6)
Scrolls
 q - a scroll of butterflies
Potions
 g - a potion of haste {unknown}
 h - a potion of heal wounds {unknown}
 o - a potion of mutation {unknown}


   Skills:
 + Level 4.1 Fighting
 * Level 6.0 Long Blades
 - Level 1.7 Throwing
 + Level 4.7 Dodging


You had 6 spell levels left.
You didn't know any spells.
Your spell library was empty.

Dungeon Overview and Level Annotations

Branches:
Dungeon (5/15)
 Temple: D:4-7


Innate Abilities, Weirdness & Mutations

You have an increased reservoir of magic. (+10% MP)
You shall have no god before yourself.
Your divine heritage dramatically boosts your attributes as you level up.


Message History

You closely miss the gnoll.
An orc wizard comes into view. It is wielding a +0 dagger.
The gnoll hits you from afar with a +0 spear.
The gnoll hits you but does no damage. The gnoll hits you with a +0 flail!
The gnoll hits you but does no damage.
You barely miss the gnoll.
The gnoll hits you from afar with a +0 spear.
The gnoll closely misses you.
You barely miss the gnoll. The gnoll closely misses you.
The gnoll barely misses you. The orc barely misses you.
The orc wizard shouts!
You hit the gnoll.
The gnoll is moderately wounded.
The gnoll hits you from afar with a +0 spear.
The orc wizard gestures wildly while chanting.
The orc wizard flickers and vanishes!
Deactivating autopickup; reactivate with Ctrl-A.
The gnoll misses you. The orc closely misses you.
The orc shouts!
You slash the gnoll!
You kill the gnoll!
The gnoll barely misses you. The orc closely misses you.
You slash the orc priest!
The orc priest is almost dead.
The orc hits you but does no damage. The orc barely misses you.
The orc priest invokes the aid of Beogh against you.
Beogh smites you!
* * * LOW HITPOINT WARNING * * *
The gnoll hits you from afar with a +0 spear.
* * * LOW HITPOINT WARNING * * *
The orc priest hits you with a +0 flail.
* * * LOW HITPOINT WARNING * * *
The orc misses you. x2
Okay, then.
It was a potion of brilliance.
You feel clever all of a sudden. The gnoll completely misses you.
The orc closely misses you. The orc misses you.
The orc priest hits you with a +0 flail!
You die...

#..... .....# ......
#......## ......
#.......# ......#
#.......## .....o.
#........# .....o.#####
#........# #....go#...#
#.......# ......o@...#
#........ ......g)...#
###.......#
.###.......###........##
##.......#...#######
#.........###
##......### ###.#.##
###.# #.#


You could see an orc priest, 2 gnolls and 3 orcs.

Vanquished Creatures
  A black bear (D:4)
  An ogre (D:5)
  A centaur (D:5)
  A necrophage (D:4)
  A scorpion (D:4)
  A hound (D:2)
  A jelly (D:5)
  An orc priest (D:5)
  An iguana (D:3)
  6 gnolls
  8 adders
  2 white imps (D:5)
  2 worms
  4 dart slugs
  10 orcs
  7 ball pythons
  7 endoplasms
  3 giant cockroaches
  7 goblins
  7 hobgoblins
  16 jackals
  9 kobolds
  4 quokkas
  2 bats
  4 frilled lizards
  11 rats
118 creatures vanquished.

Vanquished Creatures (others)
  6 plants (D:4)
  6 withered plants (D:4)
12 creatures vanquished.

Grand Total: 130 creatures vanquished

Notes
Turn   | Place    | Note
-------+----------+-------------------------------------------
     0 | D:1      | Anothat the Demigod Gladiator began the quest for the Orb.
     0 | D:1      | Reached XP level 1. HP: 17/17 MP: 3/3
   477 | D:1      | Reached skill level 3 in Long Blades
   535 | D:1      | Reached XP level 2. HP: 24/24 MP: 4/4
  1043 | D:1      | Reached XP level 3. HP: 28/29 MP: 5/5
  1875 | D:2      | Reached XP level 4. HP: 27/37 MP: 6/6
  2138 | D:3      | Reached skill level 4 in Long Blades
  2589 | D:3      | Reached XP level 5. HP: 39/44 MP: 7/7
  3364 | D:3      | Identified a scroll of acquirement
  3364 | D:3      | Acquired a +1 double sword of electrocution
  3518 | D:4      | Noticed a black bear
  3527 | D:4      | Killed a black bear
  3664 | D:4      | Reached skill level 5 in Long Blades
  3664 | D:4      | Reached XP level 6. HP: 47/51 MP: 8/8
  4832 | D:5      | Entered Level 5 of the Dungeon
  5096 | D:5      | Reached XP level 7. HP: 24/58 MP: 9/9
  5319 | D:5      | Reached skill level 6 in Long Blades
  5489 | D:5      | Mangled by an orc priest

Illustrated notes

Levels and vault maps discovered:
D:1:      elethiomel_arrival_maze, layout_basic,
          hellmonk_ecumenical_altar_heavens_door
D:2:      layout_rooms
D:3:      minmay_angry_zag, layout_loops_ring, jmf_multi_god_temple,
          okawaru_altar_gauntlet_db
D:4:      layout_loops_corners, overflow_temple_1_default,
          grunt_temple_overflow_growth_and_decay, cheibriados_altar_1
D:5:      layout_cave_pods

Skill      XL: |  1  2  3  4  5  6  7 |
---------------+----------------------+-----
Fighting       | 2 3 4 |  4.1
Long Blades    | 3 4 5 6 |  6.0
Dodging        | 3 4 |  4.7
Throwing       | |  1.7

Action                   |  1- 3 |  4- 6 |  7- 9 || total
-------------------------+-------+-------+-------++-------
Melee: Long sword        |   129 |    96 |       ||   225
       Punch             |     1 |     2 |     1 ||     4
       Double sword      |       |    64 |    17 ||    81
  Use: Scroll            |       |     8 |       ||     8
       Potion            |       |       |     1 ||     1
 Stab: Sleeping          |       |     7 |       ||     7
       Distracted        |       |     1 |       ||     1
Armor: Leather armour    |    43 |    47 |     3 ||    93
Dodge: Dodged            |   102 |   101 |    25 ||   228
